 Dungeon Crawl Stone Soup version 0.31.0-11-ge490571c62 (webtiles) character file.

Game seed: 11611624416315327633

165 qw the Skirmisher (level 5, -1/29 HPs)
             Began as a Deep Elf Hunter on Feb 4, 2024.
             Incinerated by a bombardier beetle (5 damage)
             ... with a burning spray
             ... on level 3 of the Dungeon.
             The game lasted 00:00:06 (1370 turns).

qw the Skirmisher (Deep Elf Hunter)                 Turns: 1370, Time: 00:00:06

Health: -1/29      AC:  6    Str: 10    XL:     5   Next: 21%
Magic:  7/7        EV:  9    Int: 14    God:
Gold:   158        SH:  0    Dex: 18    Spells: 4/4 levels left

rFire   . . .        a - +0 shortbow
rCold   . . .        (shield currently unavailable)
rNeg    . . .        d - +0 scale mail
rPois   .            (no helmet)
rElec   .            (no cloak)
rCorr   .            (no gloves)
SInv    .            (no boots)
Will    .....        b - amulet of faith
Stlth   +            (no ring)
HPRegen 0.24/turn    (no ring)
MPRegen 0.10/turn

%: faith
@: on fire, glowing
A: no striking features
a: no special abilities


You were on level 3 of the Dungeon.
You visited 1 branch of the dungeon, and saw 3 of its levels.

You collected 158 gold pieces.


   Skills:
 - Level 1.5 Fighting
 + Level 8.7 Ranged Weapons
 - Level 2.4 Dodging
 - Level 1.2 Stealth


You had 4 spell levels left.
You didn't know any spells.
Your spell library was empty.

Inventory:

Hand Weapons
 a - a +0 shortbow (weapon)
Armour
 d - a +0 scale mail (worn)
Jewellery
 b - an amulet of faith (around neck)
 e - an amulet of the acrobat
Scrolls
 i - a scroll of teleportation
Potions
 c - a potion of might
 f - a potion of heal wounds {unknown}
 g - a potion of berserk rage {unknown}
 h - 2 potions of curing {unknown}

Dungeon Overview and Level Annotations

Branches:
Dungeon (3/15)

Altars:
Elyvilon


Message History

There is a stone staircase leading up here.
h - 2 murky pink potions (gained 1)
A bombardier beetle comes into view.
The bombardier beetle waves its antennae.
Enter note: You shoot an arrow.
The arrow hits the bombardier beetle but does no damage.
You shoot an arrow. The arrow hits the bombardier beetle.
The bombardier beetle is moderately wounded.
You shoot an arrow.
The arrow barely misses the bombardier beetle.
The bombardier beetle sprays incendiary fluid at you.
The burning spray hits you.
You are covered in liquid fire!
You shoot an arrow. The arrow hits the bombardier beetle!
The bombardier beetle is severely wounded.
The liquid fire burns you!
You shoot an arrow. The arrow hits the bombardier beetle.
The bombardier beetle is severely wounded.
The liquid fire burns you!
You shoot an arrow. The arrow hits the bombardier beetle.
The bombardier beetle is almost dead.
The liquid fire burns you!
You shoot an arrow. The arrow hits the bombardier beetle.
The bombardier beetle is almost dead.
The liquid fire burns you!
The bombardier beetle sprays incendiary fluid at you.
The burning spray hits you.
You are even more covered in liquid fire!
You shoot an arrow. The arrow hits the bombardier beetle.
You kill the bombardier beetle!
The liquid fire burns you!
You have reached level 5!
You are on fire!
The liquid fire burns you!
You are on fire!
The liquid fire burns you!
You are on fire!
The liquid fire burns you!
You die...

... #.. #.# #.#
#.# #.# #.# #%#
#.# #.# ### #.#
#.# #.. #.# #@#
#.# #.#####.#
#.#######..
#.<.....#
#..<.......
#.####..###.## #.#
#.####..##?#>##
#.#
#.......#.###.##
#.# #####....##
##.####.# #
#.#...%###.......#
#
##..###.#........#
#


There were no monsters in sight!

Vanquished Creatures
  A bombardier beetle (D:3)
  Jessica (D:2)
  Terence (D:2)
  3 adders
  2 ball pythons (D:1)
  6 endoplasms
  A giant cockroach (D:2)
  2 goblins
  6 hobgoblins
  A jackal (D:2)
  9 kobolds
  4 quokkas
  4 bats
  2 frilled lizards
  8 rats
51 creatures vanquished.

Notes
Turn   | Place    | Note
-------+----------+-------------------------------------------
     0 | D:1      | qw the Deep Elf Hunter began the quest for the Orb.
     0 | D:1      | Reached XP level 1. HP: 12/12 MP: 3/3
     0 | D:1      | 0 ||| qw: Version: 0.3-a-160-g6735b56
     0 | D:1      | 0 ||| qw: Game counter: 5091
     0 | D:1      | 0 ||| qw: Melee chars always use a shield: true
     0 | D:1      | 0 ||| qw: God list: Okawaru
     0 | D:1      | 0 ||| qw: Allow faded altars: false
     0 | D:1      | 0 ||| qw: Do Orc after clearing Dungeon:15 true
     0 | D:1      | 0 ||| qw: Do second Lair branch before Depths: true
     0 | D:1      | 0 ||| qw: Lair rune preference: random
     0 | D:1      | 0 ||| qw: Goals: Normal
     0 | D:1      | 0 ||| PLANNING D:1-11
   117 | D:1      | Reached skill level 6 in Ranged Weapons
   117 | D:1      | Reached XP level 2. HP: 16/16 MP: 4/4
   443 | D:1      | 443 ||| DROPPING ring of flight.
   444 | D:1      | 444 ||| READING scroll labelled JEBBUPH ENAGI.
   449 | D:1      | 449 ||| READING scroll labelled QOGGUI LIJORO.
   450 | D:1      | 450 ||| READING scroll labelled ZAEQOO IRRAL.
   450 | D:1      | 450 ||| ENCHANTING +0 shortbow.
   451 | D:1      | 451 ||| DROPPING scroll of butterflies.
   497 | D:2      | Noticed Jessica
   507 | D:2      | Killed Jessica
   508 | D:2      | Reached skill level 7 in Ranged Weapons
   508 | D:2      | Reached XP level 3. HP: 20/20 MP: 5/5
   647 | D:2      | Reached XP level 4. HP: 20/25 MP: 6/6
   709 | D:2      | 709 ||| UPGRADING to amulet of faith.
   732 | D:2      | 732 ||| UPGRADING to +0 scale mail.
   743 | D:2      | 743 ||| UPGRADING to +0 leather armour.
   748 | D:2      | 748 ||| UPGRADING to +0 scale mail.
   758 | D:2      | 758 ||| DROPPING +0 leather armour.
   822 | D:2      | Noticed Terence
   837 | D:2      | HP: 1/25 [Terence/+0 flail (7)]
   838 | D:2      | Killed Terence
   839 | D:2      | Reached skill level 8 in Ranged Weapons
  1044 | D:2      | Found a white marble altar of Elyvilon.
  1132 | D:2      | 1132 ||| READING scroll labelled KIDIXT WASS.
  1132 | D:2      | 1132 ||| IDENTIFYING sedimented golden potion
  1368 | D:3      | Reached XP level 5. HP: 8/29 MP: 7/7
  1368 | D:3      | HP: 6/29 [burnt (2)]
  1370 | D:3      | Incinerated by a bombardier beetle

Levels and vault maps discovered:
D:1:      dpeg_arrival_pits, layout_rooms, minivault_19
D:2:      minmay_inner_zag, layout_basic, serial_curves, eino_curves_01,
          eino_curves_01, basic_altar, minmay_cut_off, uniq_jessica,
          uniq_terence
D:3:      layout_loops_ring, uniq_robin

Skill      XL: |  1  2  3  4 |
---------------+-------------+-----
Ranged Weapons | 6 7 8 |  8.7
Fighting       | |  1.5
Dodging        | |  2.4
Stealth        | |  1.2

Action                     |  1- 3 |  4- 6 || total
---------------------------+-------+-------++-------
   Fire: Shortbow          |    70 |    70 ||   140
    Use: Scroll            |     3 |     1 ||     4
 Armour: Leather armour    |     6 |     3 ||     9
         Scale mail        |       |    28 ||    28
         Skin              |       |     1 ||     1
  Dodge: Dodged            |    11 |    23 ||    34

Table legend:
 A = Non-vault XP
 B = Vault XP
 C = Vault XP percentage of total XP
 D = Non-vault monster count
 E = Vault monster count
 F = Vault count percentage of total count
                 A         B        C        D         E       F
            +---------+---------+-------+---------+---------+-------
      Total |     136 |     100 |  42.4 |      40 |      11 |  21.6
            +---------+---------+-------+---------+---------+-------
        D:1 |      31 |       0 |   0.0 |      19 |       0 |   0.0
        D:2 |      23 |     100 |  81.3 |      13 |      11 |  45.8
        D:3 |      82 |       0 |   0.0 |       8 |       0 |   0.0
            +---------+---------+-------+---------+---------+-------
